Flyers vs Canucks

Created - February 6, 2025 at 20:29

Goals
1 2 3 T
Flyers 1 1 0 2
Canucks 0 1 0 1
Shots
1 2 3 T
Flyers 9 14 8 31
Canucks 11 7 5 23

1st period

1. Flyers , Jordan Nolan 21 (Brian Lashoff 10) at 15:20

Penalties :
No Penalty

2nd period

2. Flyers , Jordan Nolan 22 (Cal Foote 9, Nick Ritchie 24) at 9:44
3. Canucks , Yanni Gourde 16 (Matt Martin 6) at 12:35

Penalties :
Hampus Lindholm (Phi) for Roughing (Minor) at 9:58, Oliver Ekman-Larsson (Van) for Delaying the game (Minor) at 10:26

3rd period

No Goal

Penalties :
Nick Ritchie (Phi) for Interference (Minor) at 2:49, Cal Foote (Phi) for Tripping (Minor) at 5:52, Travis Hamonic (Van) for Interference (Minor) at 17:50

Goalie Stats

Steve Mason (Phi), 22 saves from 23 shots - (0.957), W, 16-9-2, 60:00 minutes
Petr Mrazek (Van), 29 saves from 31 shots - (0.935), L, 15-14-4, 59:54 minutes

Players Stats for Flyers

Player Name              G  A  P  +/- PIM S  H  SB GA TA FO     MP     PP MP  PK MP  
------------------------------------------------------------------------------------
Alexandre Grenier        0  0  0   0  0   0  1  0  0  0  0/0    10:10   0:00   0:00 
Brian Lashoff            0  1  1   0  0   0  1  3  0  0  0/0    25:39   1:27   2:46 
Cal Foote                0  1  1   1  2   3  1  0  0  1  0/0    19:04   0:00   0:00 
Calle Jarnkrok           0  0  0  -1  0   0  1  2  0  0  4/9    12:33   0:00   1:30 
Hampus Lindholm          0  0  0   0  2   3  1  2  2  3  0/0    25:16   1:43   2:18 
Jacob Trouba             0  0  0   0  0   0  1  0  0  0  0/0    16:23   1:00   1:40 
Jake Dotchin             0  0  0   0  0   0  1  0  0  0  0/0    12:11   0:00   0:00 
Jordan Nolan             2  0  2   2  0   4  0  0  2  0  16/29  18:54   1:07   0:10 
Kasperi Kapanen          0  0  0   0  0   3  3  0  1  1  0/0    15:47   1:20   0:00 
Kevin Hayes              0  0  0   0  0   3  0  0  0  0  2/11   18:08   1:20   2:21 
Max Pacioretty           0  0  0  -1  0   3  1  0  0  0  0/0    13:45   1:20   1:35 
Michael Bournival        0  0  0   0  0   0  1  0  0  0  0/0    10:37   0:00   0:30 
Nathan Beaulieu          0  0  0   1  0   1  1  1  0  1  0/0    21:28   0:44   2:08 
Nick Ritchie             0  1  1   2  2   3  1  1  4  0  1/1    19:08   1:07   0:25 
Niclas Bergfors          0  0  0  -1  0   3  1  0  1  0  0/0    10:50   0:00   0:00 
Patrice Bergeron         0  0  0   0  0   2  0  0  0  0  1/4    10:00   0:00   0:00 
Samuel Morin             0  0  0   0  0   0  1  2  1  0  1/1    16:20   0:00   2:21 
Travis Konecny           0  0  0   2  0   3  2  0  0  0  0/0    17:47   1:07   0:00 

Players Stats for Canucks

Player Name              G  A  P  +/- PIM S  H  SB GA TA FO     MP     PP MP  PK MP  
------------------------------------------------------------------------------------
Ben Harpur               0  0  0  -1  0   1  2  2  0  1  0/0    21:46   1:35   1:37 
Brock Boeser             0  0  0  -1  0   0  2  0  0  0  0/0    15:42   2:09   0:38 
Chris Tierney            0  0  0   0  0   2  0  0  0  1  17/25  22:16   2:17   1:01 
Daniel Zaar              0  0  0   0  0   1  1  1  0  0  0/0     9:01   0:00   0:00 
Denis Gurianov           0  0  0   0  0   1  0  1  1  1  0/0    12:47   0:00   0:53 
Gilbert Brule            0  0  0   0  0   0  2  0  1  0  4/4     9:26   0:00   0:25 
J.T. Miller              0  0  0   0  0   3  1  1  1  2  0/0    22:16   2:17   1:01 
Jason Spezza             0  0  0   0  0   1  0  0  0  0  2/2    11:54   0:00   0:00 
Jordan Eberle            0  0  0   0  0   0  2  0  0  0  0/2    20:05   2:17   0:00 
Mark Jankowski           0  0  0   0  0   0  0  0  0  0  0/0     9:01   0:00   0:00 
Matt Martin              0  1  1  -1  0   1  0  0  1  1  0/2    15:45   2:09   0:23 
Michael Kesselring       0  0  0   1  0   0  0  0  0  1  0/0    13:23   0:00   0:13 
Oliver Ekman-Larsson     0  0  0  -1  2   3  0  0  1  2  0/0    25:27   2:50   1:13 
Robert Nilsson           0  0  0   0  0   3  2  1  0  0  1/2    12:05   0:00   0:10 
Tony DeAngelo            0  0  0   1  0   0  2  1  0  0  0/0    14:13   0:00   1:02 
Travis Hamonic           0  0  0  -1  2   1  1  1  1  1  0/0    25:47   2:51   0:16 
Tyler Cuma               0  0  0  -1  0   0  2  1  0  0  0/0    19:33   1:35   0:33 
Yanni Gourde             1  0  1  -1  0   6  3  1  0  1  6/18   15:33   2:09   0:23 

3 Stars

1 - Jordan Nolan (Phi)
2 - Steve Mason (Phi)
3 - Yanni Gourde (Van)

Power Play

Flyers - 0 on 2 Attempt(s) - 0.00%
Canucks - 0 on 3 Attempt(s) - 0.00%

Penalty Kill

Flyers - 3 on 3 Attempt(s) - 100.00% - Score 0 goal in Penalty Kill
Canucks - 2 on 2 Attempt(s) - 100.00% - Score 0 goal in Penalty Kill

Team Stat

Flyers - Hits : 18 - Faceoff Wins : 25 - Blocked Shots : 11 - Penalty Minutes : 6
Canucks - Hits : 20 - Faceoff Wins : 30 - Blocked Shots : 10 - Penalty Minutes : 4

Official

Referees : Tom Chmielewski and Chris Lee
Linesman : Bryan Pancich and Brian Mach

Game Notes

No Game Note

Finance

Level 1 -- Attendance: 5799 (96.65%) -- Ticket Income $579,900
Level 2 -- Attendance: 5000 (100.00%) -- Ticket Income $350,000
Level 3 -- Attendance: 1976 (98.80%) -- Ticket Income $79,040
Level 4 -- Attendance: 3929 (98.23%) -- Ticket Income $117,870
Luxury Box -- Attendance: 1000 (100.00%) -- Ticket Income $200,000
Game was played at the Rodgers Arena.
Total Attendance: 17704 (98.36%)
Total Ticket Income: $1,326,810
Other Income: $199,022
Total Income: $1,525,832

Flyers

5 vs 5 Forward 
   Center                   Left Wing                Right Wing               Time % Phy DF OF 
 1 Jordan Nolan             Nick Ritchie             Travis Konecny           40     0   2  3  
 2 Kevin Hayes              Samuel Morin             Kasperi Kapanen          30     0   2  3  
 3 Calle Jarnkrok           Max Pacioretty           Niclas Bergfors          22     0   3  2  
 4 Patrice Bergeron         Michael Bournival        Alexandre Grenier        8      1   3  1  

5 vs 5 Defense 
   Defense                  Defense                                           Time % Phy DF OF 
 1 Hampus Lindholm          Brian Lashoff                                     40     0   3  2  
 2 Nathan Beaulieu          Cal Foote                                         33     0   3  2  
 3 Jake Dotchin             Jacob Trouba                                      20     1   3  1  
 4 Hampus Lindholm          Jacob Trouba                                      7      0   3  2  

PowerPlay Forward 
   Center                   Left Wing                Right Wing               Time % Phy DF OF 
 1 Jordan Nolan             Nick Ritchie             Travis Konecny           55     0   1  4  
 2 Kevin Hayes              Max Pacioretty           Kasperi Kapanen          45     0   1  4  

PowerPlay Defense
   Defense                  Defense                                           Time % Phy DF OF 
 1 Hampus Lindholm          Brian Lashoff                                     55     0   1  4  
 2 Nathan Beaulieu          Jacob Trouba                                      45     0   1  4  

Penalty Kill 4 Players Forward 
   Center                   Wing                     Time % Phy DF OF 
 1 Kevin Hayes              Samuel Morin             60     1   4  0  
 2 Calle Jarnkrok           Max Pacioretty           40     1   4  0  

Penalty Kill 4 Players Defense
   Defense                  Defense                  Time % Phy DF OF 
 1 Hampus Lindholm          Brian Lashoff            55     1   4  0  
 2 Nathan Beaulieu          Jacob Trouba             45     1   4  0  

Penalty Kill - 3 Players Forward 
   Forward                                           Time % Phy DF OF 
 1 Kevin Hayes                                       55     1   4  0  
 2 Jordan Nolan                                      45     1   4  0  

Penalty Kill - 3 Players Defense
   Defense                  Defense                  Time % Phy DF OF 
 1 Hampus Lindholm          Brian Lashoff            55     1   4  0  
 2 Nathan Beaulieu          Jacob Trouba             45     1   4  0  

4 vs 4 Forward 
   Center                   Wing                     Time % Phy DF OF 
 1 Jordan Nolan             Nick Ritchie             55     0   2  3  
 2 Kevin Hayes              Kasperi Kapanen          45     0   2  3  

4 vs 4 Defense
   Defense                  Defense                  Time % Phy DF OF 
 1 Hampus Lindholm          Brian Lashoff            55     0   3  2  
 2 Nathan Beaulieu          Cal Foote                45     0   3  2  

Last Minutes Offensive
   Center                   Left Wing                Right Wing               Defense                  Defense                  
   Jordan Nolan             Nick Ritchie             Kasperi Kapanen          Hampus Lindholm          Jacob Trouba             

Last Minutes Defensive
   Center                   Left Wing                Right Wing               Defense                  Defense                  
   Kevin Hayes              Samuel Morin             Kasperi Kapanen          Hampus Lindholm          Jacob Trouba             

Goaltenders
Starting : Steve Mason              
Backup : Ilya Sorokin             

Extra Forwards
Normal : Nick Ritchie, Kasperi Kapanen, Calle Jarnkrok - PP : Nick Ritchie, Kevin Hayes - PK : Nick Ritchie
Extra Defensemen
Normal : Hampus Lindholm, Cal Foote, Jacob Trouba - PP : Hampus Lindholm - PK : Hampus Lindholm, Nathan Beaulieu
Penalty Shots
Niclas Bergfors, Jordan Nolan, Kasperi Kapanen, Travis Konecny, Nick Ritchie
Custom OT Lines Forwards
Jordan Nolan, Nick Ritchie, Kasperi Kapanen, Niclas Bergfors, Travis Konecny, Max Pacioretty, Samuel Morin, Kevin Hayes, Calle Jarnkrok, Michael Bournival
Custom OT Lines Defensemen
Hampus Lindholm, Jacob Trouba, Nathan Beaulieu, Brian Lashoff, Jake Dotchin

Scratches
None

Canucks

5 vs 5 Forward 
   Center                   Left Wing                Right Wing               Time % Phy DF OF 
 1 Chris Tierney            J.T. Miller              Jordan Eberle            40     1   2  2  
 2 Yanni Gourde             Matt Martin              Brock Boeser             30     1   2  2  
 3 Robert Nilsson           Denis Gurianov           Jason Spezza             20     1   2  2  
 4 Gilbert Brule            Mark Jankowski           Daniel Zaar              10     1   2  2  

5 vs 5 Defense 
   Defense                  Defense                                           Time % Phy DF OF 
 1 Oliver Ekman-Larsson     Travis Hamonic                                    40     1   2  2  
 2 Tyler Cuma               Ben Harpur                                        30     1   2  2  
 3 Tony DeAngelo            Michael Kesselring                                20     1   2  2  
 4 Oliver Ekman-Larsson     Travis Hamonic                                    10     1   2  2  

PowerPlay Forward 
   Center                   Left Wing                Right Wing               Time % Phy DF OF 
 1 Chris Tierney            J.T. Miller              Jordan Eberle            60     1   2  2  
 2 Yanni Gourde             Matt Martin              Brock Boeser             40     1   2  2  

PowerPlay Defense
   Defense                  Defense                                           Time % Phy DF OF 
 1 Oliver Ekman-Larsson     Travis Hamonic                                    60     1   2  2  
 2 Tyler Cuma               Ben Harpur                                        40     1   2  2  

Penalty Kill 4 Players Forward 
   Center                   Wing                     Time % Phy DF OF 
 1 Chris Tierney            J.T. Miller              60     1   2  2  
 2 Yanni Gourde             Matt Martin              40     1   2  2  

Penalty Kill 4 Players Defense
   Defense                  Defense                  Time % Phy DF OF 
 1 Oliver Ekman-Larsson     Travis Hamonic           60     1   2  2  
 2 Tyler Cuma               Ben Harpur               40     1   2  2  

Penalty Kill - 3 Players Forward 
   Forward                                           Time % Phy DF OF 
 1 Chris Tierney                                     60     1   2  2  
 2 Yanni Gourde                                      40     1   2  2  

Penalty Kill - 3 Players Defense
   Defense                  Defense                  Time % Phy DF OF 
 1 Oliver Ekman-Larsson     Travis Hamonic           60     1   2  2  
 2 Tyler Cuma               Ben Harpur               40     1   2  2  

4 vs 4 Forward 
   Center                   Wing                     Time % Phy DF OF 
 1 Chris Tierney            J.T. Miller              60     1   2  2  
 2 Yanni Gourde             Matt Martin              40     1   2  2  

4 vs 4 Defense
   Defense                  Defense                  Time % Phy DF OF 
 1 Oliver Ekman-Larsson     Travis Hamonic           60     1   2  2  
 2 Tyler Cuma               Ben Harpur               40     1   2  2  

Last Minutes Offensive
   Center                   Left Wing                Right Wing               Defense                  Defense                  
   Chris Tierney            J.T. Miller              Jordan Eberle            Oliver Ekman-Larsson     Travis Hamonic           

Last Minutes Defensive
   Center                   Left Wing                Right Wing               Defense                  Defense                  
   Chris Tierney            J.T. Miller              Jordan Eberle            Oliver Ekman-Larsson     Travis Hamonic           

Goaltenders
Starting : Petr Mrazek              
Backup : Matt Hackett             

Extra Forwards
Normal : Brock Boeser, Matt Martin, Robert Nilsson - PP : Brock Boeser, Matt Martin - PK : Brock Boeser
Extra Defensemen
Normal : Ben Harpur, Tony DeAngelo, Michael Kesselring - PP : Ben Harpur - PK : Ben Harpur, Tony DeAngelo
Penalty Shots
J.T. Miller, Jordan Eberle, Chris Tierney, Yanni Gourde, Brock Boeser
Custom OT Lines Forwards
J.T. Miller, Jordan Eberle, Chris Tierney, Yanni Gourde, Brock Boeser, Matt Martin, Robert Nilsson, Jason Spezza, Gilbert Brule, Denis Gurianov
Custom OT Lines Defensemen
Oliver Ekman-Larsson, Travis Hamonic, Tyler Cuma, Ben Harpur, Tony DeAngelo

Scratches
Alex Goligoski (Sprained Right Knee Injury), Tyler Kennedy (Healthy)

% Time on Ice - Flyers

Lines # - Real PCT - Wanted PCT - Time Play
Normal Forward
1 - 33% - 40% - 16:47
2 - 27% - 30% - 13:49
3 - 21% - 22% - 10:50
4 - 19% - 8% - 10:00
Normal Defense
1 - 39% - 40% - 20:12
2 - 35% - 33% - 18:09
3 - 21% - 20% - 10:54
4 - 4% - 7% - 2:11
PP Forward
1 - 46% - 55% - 1:07
2 - 54% - 45% - 1:20
PP Defense
1 - 70% - 55% - 1:43
2 - 30% - 45% - 0:44
PK Forward
1 - 86% - 60% - 3:48
2 - 14% - 40% - 0:38
PK Defense
1 - 62% - 55% - 2:46
2 - 38% - 45% - 1:40
PK3 Forward
1 - 0% - 55%
2 - 0% - 45%
PK3 Defense
1 - 0% - 55%
2 - 0% - 45%
44 Forward
1 - 58% - 55% - 0:53
2 - 42% - 45% - 0:38
44 Defense
1 - 70% - 55% - 1:04
2 - 30% - 45% - 0:27
Last Minute Offensive  - 0:00
Last Minute Defensive  - 0:10
Total
Forward - 60:00
Defense - 60:00

% Time on Ice - Canucks

Lines # - Real PCT - Wanted PCT - Time Play
Normal Forward
1 - 35% - 40% - 17:59
2 - 25% - 30% - 12:42
3 - 23% - 20% - 11:54
4 - 17% - 10% - 9:01
Normal Defense
1 - 36% - 40% - 18:31
2 - 34% - 30% - 17:25
3 - 24% - 20% - 12:37
4 - 6% - 10% - 3:03
PP Forward
1 - 52% - 60% - 2:17
2 - 48% - 40% - 2:09
PP Defense
1 - 64% - 60% - 2:51
2 - 36% - 40% - 1:35
PK Forward
1 - 84% - 60% - 2:04
2 - 16% - 40% - 0:23
PK Defense
1 - 78% - 60% - 1:54
2 - 22% - 40% - 0:33
PK3 Forward
1 - 0% - 60%
2 - 0% - 40%
PK3 Defense
1 - 0% - 60%
2 - 0% - 40%
44 Forward
1 - 79% - 60% - 1:12
2 - 21% - 40% - 0:19
44 Defense
1 - 100% - 60% - 1:31
2 - 0% - 40% - 0:00
Last Minute Offensive  - 0:00
Last Minute Defensive  - 0:00
Total
Forward - 60:00
Defense - 60:00

Play-by-Play

1st period


0:01 of 1st period - Jordan Nolan wins face-off versus Jordan Eberle in neutral zone.
0:12 of 1st period - Nick Ritchie is hit by Jordan Eberle and loses puck.
0:17 of 1st period - Wrist shot by J.T. Miller.
0:17 of 1st period - Shot Misses the Net.
0:52 of 1st period - Nathan Beaulieu is hit by Ben Harpur and loses puck.
1:39 of 1st period - Gilbert Brule is hit by Nick Ritchie and loses puck.
2:10 of 1st period - Snap shot by Kasperi Kapanen.
2:10 of 1st period - Deflect By Kevin Hayes.
2:10 of 1st period - Stopped by Petr Mrazek with a rebound.
2:30 of 1st period - Snap shot by Michael Bournival.
2:30 of 1st period - Shot Misses the Net.
3:56 of 1st period - Wrist shot by Denis Gurianov.
3:56 of 1st period - Shot Blocked by Brian Lashoff.
4:10 of 1st period - Snap shot by Chris Tierney.
4:10 of 1st period - Stopped by Steve Mason with a rebound.
4:12 of 1st period - Slapshot by Travis Hamonic.
4:12 of 1st period - Shot Misses the Net.
4:14 of 1st period - Snap shot by Travis Hamonic.
4:14 of 1st period - Stopped by Steve Mason without a rebound.
4:15 of 1st period - Chris Tierney wins face-off versus Calle Jarnkrok in Flyers zone.
4:16 of 1st period - Snap shot by J.T. Miller.
4:16 of 1st period - Shot Misses the Net.
5:07 of 1st period - Wrist shot by Denis Gurianov.
5:07 of 1st period - Stopped by Steve Mason without a rebound.
5:08 of 1st period - Jason Spezza wins face-off versus Kevin Hayes in Flyers zone.
5:33 of 1st period - Samuel Morin is hit by Robert Nilsson.
6:19 of 1st period - Jason Spezza is hit by Nathan Beaulieu and loses puck.
6:34 of 1st period - Wrist shot by Kasperi Kapanen.
6:34 of 1st period - Deflect By Kevin Hayes.
6:34 of 1st period - Stopped by Petr Mrazek without a rebound.
6:35 of 1st period - Chris Tierney wins face-off versus Jordan Nolan in Canucks zone.
6:48 of 1st period - Wrist shot by Nick Ritchie.
6:48 of 1st period - Shot Misses the Net.
7:06 of 1st period - Icing by Jordan Eberle.
7:07 of 1st period - Chris Tierney wins face-off versus Patrice Bergeron in Canucks zone.
7:21 of 1st period - Chris Tierney is hit by Michael Bournival and loses puck.
7:32 of 1st period - Wrist shot by Jordan Eberle.
7:32 of 1st period - Deflect By J.T. Miller.
7:32 of 1st period - Shot Misses the Net.
7:32 of 1st period - Puck is out of play.
7:33 of 1st period - Jordan Nolan wins face-off versus Matt Martin in Flyers zone.
7:46 of 1st period - Snap shot by Nick Ritchie.
7:46 of 1st period - Shot Misses the Net.
8:19 of 1st period - Icing by Calle Jarnkrok.
8:20 of 1st period - Robert Nilsson wins face-off versus Patrice Bergeron in Flyers zone.
8:25 of 1st period - Snap shot by Robert Nilsson.
8:25 of 1st period - Stopped by Steve Mason without a rebound.
8:26 of 1st period - Patrice Bergeron wins face-off versus Robert Nilsson in Flyers zone.
9:02 of 1st period - Snap shot by Robert Nilsson.
9:02 of 1st period - Stopped by Steve Mason with a rebound.
9:26 of 1st period - Wrist shot by Patrice Bergeron.
9:26 of 1st period - Stopped by Petr Mrazek with a rebound.
9:28 of 1st period - Snap shot by Cal Foote.
9:28 of 1st period - Shot Blocked by Travis Hamonic.
10:30 of 1st period - Wrist shot by Jason Spezza.
10:30 of 1st period - Stopped by Steve Mason without a rebound.
10:31 of 1st period - Jordan Nolan wins face-off versus Chris Tierney in Flyers zone.
11:08 of 1st period - Wrist shot by Matt Martin.
11:08 of 1st period - Shot Blocked by Calle Jarnkrok.
11:10 of 1st period - Snap shot by Matt Martin.
11:10 of 1st period - Stopped by Steve Mason without a rebound.
11:11 of 1st period - Yanni Gourde wins face-off versus Calle Jarnkrok in Flyers zone.
11:14 of 1st period - Snap shot by Yanni Gourde.
11:14 of 1st period - Deflect By Brock Boeser.
11:14 of 1st period - Shot Blocked by Calle Jarnkrok.
11:14 of 1st period - Puck is out of play.
11:15 of 1st period - Calle Jarnkrok wins face-off versus Yanni Gourde in Flyers zone.
11:20 of 1st period - Wrist shot by Niclas Bergfors.
11:20 of 1st period - Stopped by Petr Mrazek with a rebound.
11:26 of 1st period - Wrist shot by Brock Boeser.
11:26 of 1st period - Deflect By Hampus Lindholm.
11:26 of 1st period - Shot Misses the Net.
11:26 of 1st period - Puck is out of play.
11:27 of 1st period - Jordan Nolan wins face-off versus Jordan Eberle in Flyers zone.
11:34 of 1st period - Snap shot by J.T. Miller.
11:34 of 1st period - Shot Misses the Net.
11:36 of 1st period - Slapshot by Oliver Ekman-Larsson.
11:36 of 1st period - Stopped by Steve Mason with a rebound.
11:38 of 1st period - Wrist shot by Oliver Ekman-Larsson.
11:38 of 1st period - Deflect By Jordan Nolan.
11:38 of 1st period - Stopped by Steve Mason without a rebound.
11:39 of 1st period - Chris Tierney wins face-off versus Jordan Nolan in Flyers zone.
11:40 of 1st period - Slapshot by J.T. Miller.
11:40 of 1st period - Shot Blocked by Nick Ritchie.
11:45 of 1st period - Off-side.
11:46 of 1st period - Jordan Nolan wins face-off versus Chris Tierney in neutral zone.
12:53 of 1st period - Slapshot by Jordan Nolan.
12:53 of 1st period - Shot Misses the Net.
12:55 of 1st period - Snap shot by Nick Ritchie.
12:55 of 1st period - Stopped by Petr Mrazek with a rebound.
12:57 of 1st period - Slapshot by Hampus Lindholm.
12:57 of 1st period - Stopped by Petr Mrazek without a rebound.
12:58 of 1st period - Kevin Hayes wins face-off versus Yanni Gourde in Canucks zone.
13:23 of 1st period - Daniel Zaar is hit by Max Pacioretty and loses puck.
14:15 of 1st period - Jacob Trouba is hit by Tyler Cuma and loses puck.
14:31 of 1st period - Niclas Bergfors is hit by Travis Hamonic and loses puck.
15:05 of 1st period - Tyler Cuma is hit by Cal Foote and loses puck.
15:10 of 1st period - Slapshot by Kasperi Kapanen.
15:10 of 1st period - Stopped by Petr Mrazek with a rebound.
15:20 of 1st period - Snap shot by Jordan Nolan.
15:20 of 1st period - Goal by Jordan Nolan - Flyers : 1 - Canucks : 0.
15:21 of 1st period - Jordan Nolan wins face-off versus Yanni Gourde in neutral zone.
16:03 of 1st period - J.T. Miller is hit by Hampus Lindholm and loses puck.
16:15 of 1st period - Samuel Morin is hit by J.T. Miller and loses puck.
17:38 of 1st period - Backhand shot by Kevin Hayes.
17:38 of 1st period - Shot Misses the Net.
17:40 of 1st period - Slapshot by Kevin Hayes.
17:40 of 1st period - Stopped by Petr Mrazek without a rebound.
17:41 of 1st period - Yanni Gourde wins face-off versus Jordan Nolan in Canucks zone.
17:48 of 1st period - Snap shot by Yanni Gourde.
17:48 of 1st period - Shot Blocked by Hampus Lindholm.
17:50 of 1st period - Snap shot by Yanni Gourde.
17:50 of 1st period - Stopped by Steve Mason with a rebound.
17:52 of 1st period - Slapshot by Yanni Gourde.
17:52 of 1st period - Shot Misses the Net.
17:54 of 1st period - Snap shot by Matt Martin.
17:54 of 1st period - Shot Misses the Net.
18:22 of 1st period - Daniel Zaar is hit by Niclas Bergfors and loses puck.
18:39 of 1st period - Snap shot by Michael Bournival.
18:39 of 1st period - Shot Misses the Net.
18:41 of 1st period - Snap shot by Patrice Bergeron.
18:41 of 1st period - Shot Misses the Net.
18:58 of 1st period - Backhand shot by Yanni Gourde.
18:58 of 1st period - Stopped by Steve Mason with a rebound.
19:00 of 1st period - Snap shot by Brock Boeser.
19:00 of 1st period - Shot Misses the Net.
Goals for this period are 1 for Flyers vs 0 for Canucks.
Shots for this period are 9 for Flyers vs 11 for Canucks.

2nd period


0:01 of 2nd period - Yanni Gourde wins face-off versus Jordan Nolan in neutral zone.
0:10 of 2nd period - Wrist shot by Yanni Gourde.
0:10 of 2nd period - Stopped by Steve Mason with a rebound.
0:32 of 2nd period - Wrist shot by Niclas Bergfors.
0:32 of 2nd period - Stopped by Petr Mrazek without a rebound.
0:33 of 2nd period - Yanni Gourde wins face-off versus Calle Jarnkrok in Canucks zone.
0:38 of 2nd period - Calle Jarnkrok is hit by Brock Boeser and loses puck.
0:47 of 2nd period - Wrist shot by Yanni Gourde.
0:47 of 2nd period - Deflect By Jacob Trouba.
0:47 of 2nd period - Stopped by Steve Mason without a rebound.
0:48 of 2nd period - Jordan Nolan wins face-off versus Chris Tierney in Flyers zone.
1:04 of 2nd period - Wrist shot by Chris Tierney.
1:04 of 2nd period - Stopped by Steve Mason with a rebound.
2:23 of 2nd period - Off-side.
2:24 of 2nd period - Gilbert Brule wins face-off versus Jordan Nolan in neutral zone.
2:55 of 2nd period - Wrist shot by Jordan Nolan.
2:55 of 2nd period - Shot Blocked by Daniel Zaar.
3:11 of 2nd period - Slapshot by Daniel Zaar.
3:11 of 2nd period - Shot Blocked by Nathan Beaulieu.
3:13 of 2nd period - Slapshot by Oliver Ekman-Larsson.
3:13 of 2nd period - Stopped by Steve Mason without a rebound.
3:14 of 2nd period - Kevin Hayes wins face-off versus Chris Tierney in Flyers zone.
3:23 of 2nd period - Wrist shot by Kasperi Kapanen.
3:23 of 2nd period - Stopped by Petr Mrazek with a rebound.
3:41 of 2nd period - Oliver Ekman-Larsson is hit by Alexandre Grenier and loses puck.
4:07 of 2nd period - Brian Lashoff is hit by Robert Nilsson and loses puck.
5:10 of 2nd period - Snap shot by Denis Gurianov.
5:10 of 2nd period - Shot Misses the Net.
5:36 of 2nd period - Jake Dotchin is hit by Jordan Eberle and loses puck.
6:07 of 2nd period - Jacob Trouba is hit by Gilbert Brule and loses puck.
6:34 of 2nd period - Snap shot by Kevin Hayes.
6:34 of 2nd period - Shot Misses the Net.
6:57 of 2nd period - Snap shot by Michael Bournival.
6:57 of 2nd period - Shot Misses the Net.
6:59 of 2nd period - Slapshot by Jake Dotchin.
6:59 of 2nd period - Shot Misses the Net.
7:01 of 2nd period - Slapshot by Patrice Bergeron.
7:01 of 2nd period - Stopped by Petr Mrazek without a rebound.
7:02 of 2nd period - Jordan Nolan wins face-off versus Yanni Gourde in Canucks zone.
7:27 of 2nd period - Hampus Lindholm is hit by Tyler Cuma and loses puck.
7:58 of 2nd period - Icing by Hampus Lindholm.
7:59 of 2nd period - Yanni Gourde wins face-off versus Kevin Hayes in Flyers zone.
8:31 of 2nd period - Chris Tierney is hit by Brian Lashoff and loses puck.
8:53 of 2nd period - Jordan Eberle is hit by Kasperi Kapanen and loses puck.
9:15 of 2nd period - Icing by Brian Lashoff.
9:16 of 2nd period - Samuel Morin wins face-off versus Yanni Gourde in Flyers zone.
9:16 of 2nd period - Samuel Morin is hit by Yanni Gourde.
9:26 of 2nd period - Snap shot by Kevin Hayes.
9:26 of 2nd period - Shot Misses the Net.
9:28 of 2nd period - Backhand shot by Hampus Lindholm.
9:28 of 2nd period - Stopped by Petr Mrazek without a rebound.
9:29 of 2nd period - Jordan Nolan wins face-off versus Yanni Gourde in Canucks zone.
9:34 of 2nd period - Wrist shot by Travis Konecny.
9:34 of 2nd period - Shot Blocked by Yanni Gourde.
9:36 of 2nd period - Snap shot by Cal Foote.
9:36 of 2nd period - Deflect By Brock Boeser.
9:36 of 2nd period - Stopped by Petr Mrazek without a rebound.
9:37 of 2nd period - Jordan Nolan wins face-off versus Yanni Gourde in Canucks zone.
9:40 of 2nd period - Wrist shot by Jordan Nolan.
9:40 of 2nd period - Deflect By Yanni Gourde.
9:40 of 2nd period - Stopped by Petr Mrazek with a rebound.
9:42 of 2nd period - Slapshot by Cal Foote.
9:42 of 2nd period - Stopped by Petr Mrazek with a rebound.
9:44 of 2nd period - Backhand shot by Jordan Nolan.
9:44 of 2nd period - Goal by Jordan Nolan - Flyers : 2 - Canucks : 0.
9:45 of 2nd period - Jordan Nolan wins face-off versus Chris Tierney in neutral zone.
9:58 of 2nd period - Minor Penalty to Hampus Lindholm for Roughing.
9:59 of 2nd period - Chris Tierney wins face-off versus Kevin Hayes in Flyers zone.
10:08 of 2nd period - Wrist shot by Jordan Eberle.
10:08 of 2nd period - Shot Blocked by Brian Lashoff.
10:26 of 2nd period - Minor Penalty to Oliver Ekman-Larsson for Delaying the game.
10:27 of 2nd period - Chris Tierney wins face-off versus Jordan Nolan in Canucks zone.
11:37 of 2nd period - Cal Foote is hit by Brock Boeser and loses puck.
11:58 of 2nd period - Penalty to Hampus Lindholm is over, Hampus Lindholm is back on ice.
12:13 of 2nd period - Wrist shot by Robert Nilsson.
12:13 of 2nd period - Stopped by Steve Mason without a rebound.
12:14 of 2nd period - Gilbert Brule wins face-off versus Kevin Hayes in Flyers zone.
12:26 of 2nd period - Penalty to Oliver Ekman-Larsson is over, Oliver Ekman-Larsson is back on ice.
12:35 of 2nd period - Snap shot by Yanni Gourde.
12:35 of 2nd period - Goal by Yanni Gourde - Flyers : 2 - Canucks : 1.
12:36 of 2nd period - Chris Tierney wins face-off versus Jordan Nolan in neutral zone.
13:16 of 2nd period - Slapshot by Travis Konecny.
13:16 of 2nd period - Stopped by Petr Mrazek with a rebound.
13:18 of 2nd period - Wrist shot by Hampus Lindholm.
13:18 of 2nd period - Shot Blocked by Denis Gurianov.
13:20 of 2nd period - Wrist shot by Nick Ritchie.
13:20 of 2nd period - Stopped by Petr Mrazek without a rebound.
13:21 of 2nd period - Chris Tierney wins face-off versus Calle Jarnkrok in Canucks zone.
13:26 of 2nd period - Hampus Lindholm is hit by Ben Harpur and loses puck.
13:37 of 2nd period - Jordan Eberle is hit by Calle Jarnkrok and loses puck.
13:48 of 2nd period - Matt Martin is hit by Samuel Morin and loses puck.
14:23 of 2nd period - Snap shot by Hampus Lindholm.
14:23 of 2nd period - Stopped by Petr Mrazek without a rebound.
14:24 of 2nd period - Chris Tierney wins face-off versus Jordan Nolan in Canucks zone.
14:35 of 2nd period - Slapshot by Nick Ritchie.
14:35 of 2nd period - Shot Misses the Net.
15:16 of 2nd period - Snap shot by Michael Bournival.
15:16 of 2nd period - Shot Misses the Net.
15:18 of 2nd period - Slapshot by Nathan Beaulieu.
15:18 of 2nd period - Stopped by Petr Mrazek with a rebound.
15:20 of 2nd period - Backhand shot by Cal Foote.
15:20 of 2nd period - Stopped by Petr Mrazek without a rebound.
15:21 of 2nd period - Chris Tierney wins face-off versus Patrice Bergeron in Canucks zone.
16:10 of 2nd period - Wrist shot by J.T. Miller.
16:10 of 2nd period - Shot Blocked by Hampus Lindholm.
16:54 of 2nd period - Wrist shot by J.T. Miller.
16:54 of 2nd period - Stopped by Steve Mason without a rebound.
16:55 of 2nd period - Jordan Nolan wins face-off versus Yanni Gourde in Flyers zone.
16:55 of 2nd period - Jordan Nolan is hit by Yanni Gourde.
17:21 of 2nd period - Robert Nilsson is hit by Jake Dotchin and loses puck.
17:44 of 2nd period - Slapshot by Kasperi Kapanen.
17:44 of 2nd period - Stopped by Petr Mrazek without a rebound.
17:45 of 2nd period - Gilbert Brule wins face-off versus Kevin Hayes in Canucks zone.
19:21 of 2nd period - Max Pacioretty is hit by Gilbert Brule and loses puck.
Goals for this period are 1 for Flyers vs 1 for Canucks.
Shots for this period are 14 for Flyers vs 7 for Canucks.

3rd period


0:01 of 3rd period - Jordan Nolan wins face-off versus Yanni Gourde in neutral zone.
0:06 of 3rd period - Matt Martin is hit by Travis Konecny and loses puck.
0:36 of 3rd period - Snap shot by Jordan Eberle.
0:36 of 3rd period - Shot Misses the Net.
2:08 of 3rd period - Robert Nilsson is hit by Jacob Trouba and loses puck.
2:13 of 3rd period - Slapshot by Nathan Beaulieu.
2:13 of 3rd period - Shot Hit the Post.
2:15 of 3rd period - Snap shot by Max Pacioretty.
2:15 of 3rd period - Shot Blocked by Robert Nilsson.
2:17 of 3rd period - Snap shot by Niclas Bergfors.
2:17 of 3rd period - Deflect By Max Pacioretty.
2:17 of 3rd period - Shot Blocked by Tony DeAngelo.
2:17 of 3rd period - Puck is out of play.
2:18 of 3rd period - Yanni Gourde wins face-off versus Jordan Nolan in Canucks zone.
2:24 of 3rd period - Off-side.
2:25 of 3rd period - Jordan Nolan wins face-off versus Yanni Gourde in neutral zone.
2:36 of 3rd period - Wrist shot by Travis Konecny.
2:36 of 3rd period - Stopped by Petr Mrazek without a rebound.
2:37 of 3rd period - Chris Tierney wins face-off versus Jordan Nolan in Canucks zone.
2:49 of 3rd period - Minor Penalty to Nick Ritchie for Interference.
2:50 of 3rd period - Chris Tierney wins face-off versus Kevin Hayes in Flyers zone.
2:50 of 3rd period - Wrist shot by J.T. Miller.
2:50 of 3rd period - Stopped by Steve Mason without a rebound.
2:51 of 3rd period - Chris Tierney wins face-off versus Kevin Hayes in Flyers zone.
2:52 of 3rd period - Wrist shot by J.T. Miller.
2:52 of 3rd period - Shot Blocked by Samuel Morin.
3:08 of 3rd period - Wrist shot by Travis Hamonic.
3:08 of 3rd period - Shot Misses the Net.
3:24 of 3rd period - Wrist shot by Brock Boeser.
3:24 of 3rd period - Shot Misses the Net.
3:26 of 3rd period - Snap shot by Matt Martin.
3:26 of 3rd period - Shot Misses the Net.
4:49 of 3rd period - Penalty to Nick Ritchie is over, Nick Ritchie is back on ice.
4:58 of 3rd period - Ben Harpur is hit by Travis Konecny and loses puck.
5:27 of 3rd period - Icing by Mark Jankowski.
5:28 of 3rd period - Gilbert Brule wins face-off versus Jordan Nolan in Canucks zone.
5:39 of 3rd period - Slapshot by Daniel Zaar.
5:39 of 3rd period - Stopped by Steve Mason with a rebound.
5:50 of 3rd period - Snap shot by Daniel Zaar.
5:50 of 3rd period - Shot Misses the Net.
5:52 of 3rd period - Minor Penalty to Cal Foote for Tripping.
5:53 of 3rd period - Chris Tierney wins face-off versus Kevin Hayes in Flyers zone.
7:40 of 3rd period - Icing by Matt Martin.
7:41 of 3rd period - Calle Jarnkrok wins face-off versus Yanni Gourde in Canucks zone.
7:52 of 3rd period - Penalty to Cal Foote is over, Cal Foote is back on ice.
8:23 of 3rd period - Slapshot by Tony DeAngelo.
8:23 of 3rd period - Shot Misses the Net.
8:25 of 3rd period - Snap shot by Mark Jankowski.
8:25 of 3rd period - Shot Misses the Net.
8:39 of 3rd period - Max Pacioretty is hit by Tony DeAngelo.
9:03 of 3rd period - Snap shot by Robert Nilsson.
9:03 of 3rd period - Shot Misses the Net.
9:52 of 3rd period - Wrist shot by Max Pacioretty.
9:52 of 3rd period - Stopped by Petr Mrazek without a rebound.
9:53 of 3rd period - Calle Jarnkrok wins face-off versus Chris Tierney in Canucks zone.
9:54 of 3rd period - Wrist shot by Max Pacioretty.
9:54 of 3rd period - Shot Hit the Post.
9:56 of 3rd period - Snap shot by Niclas Bergfors.
9:56 of 3rd period - Stopped by Petr Mrazek without a rebound.
9:57 of 3rd period - Chris Tierney wins face-off versus Calle Jarnkrok in Canucks zone.
10:03 of 3rd period - Wrist shot by Niclas Bergfors.
10:03 of 3rd period - Shot Blocked by Tyler Cuma.
10:05 of 3rd period - Snap shot by Max Pacioretty.
10:05 of 3rd period - Stopped by Petr Mrazek with a rebound.
10:07 of 3rd period - Snap shot by Niclas Bergfors.
10:07 of 3rd period - Shot Misses the Net.
10:09 of 3rd period - Slapshot by Jacob Trouba.
10:09 of 3rd period - Shot Misses the Net.
10:11 of 3rd period - Slapshot by Calle Jarnkrok.
10:11 of 3rd period - Shot Blocked by J.T. Miller.
10:13 of 3rd period - Snap shot by Max Pacioretty.
10:13 of 3rd period - Stopped by Petr Mrazek with a rebound.
10:27 of 3rd period - Slapshot by J.T. Miller.
10:27 of 3rd period - Deflect By Jordan Eberle.
10:27 of 3rd period - Shot Misses the Net.
10:27 of 3rd period - Puck is out of play.
10:28 of 3rd period - Jordan Nolan wins face-off versus Yanni Gourde in Flyers zone.
10:38 of 3rd period - Snap shot by Yanni Gourde.
10:38 of 3rd period - Shot Misses the Net.
10:40 of 3rd period - Wrist shot by Brock Boeser.
10:40 of 3rd period - Shot Misses the Net.
10:42 of 3rd period - Wrist shot by Yanni Gourde.
10:42 of 3rd period - Shot Misses the Net.
10:44 of 3rd period - Wrist shot by Matt Martin.
10:44 of 3rd period - Shot Misses the Net.
10:51 of 3rd period - Icing by Hampus Lindholm.
10:52 of 3rd period - Jason Spezza wins face-off versus Kevin Hayes in Flyers zone.
11:01 of 3rd period - Snap shot by Denis Gurianov.
11:01 of 3rd period - Deflect By Robert Nilsson.
11:01 of 3rd period - Shot Blocked by Brian Lashoff.
11:01 of 3rd period - Puck is out of play.
11:02 of 3rd period - Nick Ritchie wins face-off versus Chris Tierney in Flyers zone.
11:15 of 3rd period - Slapshot by Travis Konecny.
11:15 of 3rd period - Stopped by Petr Mrazek without a rebound.
11:16 of 3rd period - Chris Tierney wins face-off versus Jordan Nolan in Canucks zone.
11:43 of 3rd period - Yanni Gourde is hit by Kasperi Kapanen and loses puck.
11:52 of 3rd period - Tyler Cuma is hit by Kasperi Kapanen and loses puck.
14:34 of 3rd period - Slapshot by Yanni Gourde.
14:34 of 3rd period - Shot Blocked by Samuel Morin.
16:37 of 3rd period - Brian Lashoff is hit by Daniel Zaar and loses puck.
17:12 of 3rd period - Snap shot by Ben Harpur.
17:12 of 3rd period - Stopped by Steve Mason with a rebound.
17:14 of 3rd period - Snap shot by J.T. Miller.
17:14 of 3rd period - Shot Misses the Net.
17:16 of 3rd period - Wrist shot by J.T. Miller.
17:16 of 3rd period - Stopped by Steve Mason with a rebound.
17:18 of 3rd period - Wrist shot by J.T. Miller.
17:18 of 3rd period - Shot Misses the Net.
17:28 of 3rd period - Snap shot by Yanni Gourde.
17:28 of 3rd period - Stopped by Steve Mason without a rebound.
17:29 of 3rd period - Jordan Nolan wins face-off versus Matt Martin in Flyers zone.
17:29 of 3rd period - Jordan Nolan is hit by Yanni Gourde.
17:41 of 3rd period - Wrist shot by Nick Ritchie.
17:41 of 3rd period - Stopped by Petr Mrazek without a rebound.
17:42 of 3rd period - Calle Jarnkrok wins face-off versus Chris Tierney in Canucks zone.
17:50 of 3rd period - Minor Penalty to Travis Hamonic for Interference.
17:51 of 3rd period - Chris Tierney wins face-off versus Jordan Nolan in Canucks zone.
18:04 of 3rd period - Wrist shot by Nick Ritchie.
18:04 of 3rd period - Shot Blocked by Ben Harpur.
18:06 of 3rd period - Snap shot by Hampus Lindholm.
18:06 of 3rd period - Shot Blocked by Ben Harpur.
18:08 of 3rd period - Slapshot by Hampus Lindholm.
18:08 of 3rd period - Deflect By Jordan Nolan.
18:08 of 3rd period - Stopped by Petr Mrazek with a rebound.
18:32 of 3rd period - Kevin Hayes is hit by Tony DeAngelo and loses puck.
19:50 of 3rd period - Penalty to Travis Hamonic is over, Travis Hamonic is back on ice.
19:54 of 3rd period - Canucks, Petr Mrazek is pulled from the net.
Goals for this period are 0 for Flyers vs 0 for Canucks.
Shots for this period are 8 for Flyers vs 5 for Canucks. Output by the SimonT Hockey Simulator (STHS) for Francois Prevost - Original Page W3C HTML5 Valid
Hockey Simulator - Hockey Simulation - Hockey Manager